 Dungeon Sprint DCSS version 0.26-a0-497-g0187308201 (webtiles) character file.

Game seed: 4077811688546809774

607 Glokmah the Cleaver (level 7, -3/70 HPs)
             Began as a Minotaur Fighter on Aug 6, 2020.
             Was an Initiate of Makhleb.
             Shot with an arrow by a centaur warrior (18 damage)
             ... in the Dungeon (Sprint I: "Red Sonja").
             The game lasted 00:01:20 (594 turns).

Glokmah the Cleaver (Minotaur Fighter)               Turns: 594, Time: 00:01:21

Health: -3/70      AC:  8    Str: 20    XL:     7   Next: 19%
Magic:  6/6        EV: 12    Int:  5    God:    Makhleb [......]
Gold:   297        SH: 11    Dex: 12    Spells: 6/6 levels left

rFire    . . .     SeeInvis .   a - +0 war axe
rCold    . . .     Faith    .   c - +0 kite shield
rNeg     . . .     Spirit   .   b - +0 scale mail
rPois    .         Reflect  .   (helmet restricted)
rElec    .         Harm     .   (no cloak)
rCorr    .         NoTele   +   (no gloves)
MR       .....                  (no boots)
Stlth    ..........             (no amulet)
HPRegen  0.21/turn              (no ring)
MPRegen  0.10/turn              (no ring)

@: no status effects
A: retaliatory headbutt, horns 2
a: Renounce Religion


You were in the Dungeon.
You worshipped Makhleb.
Makhleb was noncommittal.
You visited 1 branch You collected 297 gold pieces.

Inventory:

Hand Weapons
 a - a +0 war axe (weapon)
Armour
 b - a +0 scale mail (worn)
 c - a +0 kite shield (worn)
Scrolls
 j - a scroll of blinking
Potions
 d - a potion of might
 e - a potion of curing
 f - a potion of heal wounds
 g - a potion of haste
 h - 2 potions of magic
 i - a potion of berserk rage
 k - a potion of degeneration {unknown}


   Skills:
 + Level 9.1 Fighting
 * Level 10.5 Axes
 + Level 8.8 Armour
 * Level 6.9 Dodging
 + Level 8.1 Shields


You had 6 spell levels left.
You didn't know any spells.
Your spell library was empty.

Dungeon Overview and Level Annotations

Branches:
Dungeon (1/1)

Altars:
Cheibriados
Dithmenos
Elyvilon
Fedhas
Gozag
Hepliaklqana
Kikubaaqudgha
Makhleb
Nemelex Xobeh
Okawaru
Qazlal
Ru
Sif Muna
Trog
Uskayaw
Vehumet
Wu Jian
Xom
Yredelemnul
Zin
The Shining One
Jiyva
Lugonu

Shops:
D :


Innate Abilities, Weirdness & Mutations

You reflexively headbutt those who attack you in melee.
You have a pair of horns on your head.


Message History

The centaur warrior unwields a +0 longbow.
You block the centaur warrior's attack.
The centaur warrior shoots an arrow.
The arrow barely misses you.
The centaur warrior hits you but does no damage.
The centaur warrior shoots an arrow.
The arrow hits you!!
You see here an arrow.
You slash the centaur warrior! You headbutt the centaur warrior.
The centaur warrior is moderately wounded.
You block the centaur warrior's attack.
The centaur warrior shoots an arrow.
You block the arrow.
You hit the centaur warrior.
The centaur warrior is moderately wounded.
The centaur warrior hits you!
The centaur warrior shoots an arrow.
The arrow hits you!
* * * LOW HITPOINT WARNING * * *
You block the centaur warrior's attack.
You slash the centaur warrior!
The centaur warrior is heavily wounded.
The centaur warrior shoots an arrow.
The arrow hits you!!
You die...

################
#..)..#).'..#__#
)..#..'..#..'..+
#####'#####'#__####
####..#...#[####§§#
#__####..##§#§§§@c#
#_____##'#_.§§§§§§+
#_.∩...†..._#≈§§§c#
#_..__##_.#+##+####
#_____###+# #######


You could see 2 centaur warriors.

Vanquished Creatures
  A slime creature (D)
  Sigmund (D)
  A yak (D)
  An ogre (D)
  A jelly (D)
  Ijyb (D)
6 creatures vanquished.

Vanquished Creatures (others)
  A gargoyle (D)
1 creature vanquished.

Grand Total: 7 creatures vanquished

Notes
Turn   | Place    | Note
-------+----------+-------------------------------------------
     0 | D        | Glokmah the Minotaur Fighter began the quest for the Orb.
     0 | D        | Reached XP level 1. HP: 19/19 MP: 0/0
     1 | D        | Noticed Ijyb
    21 | D        | Killed Ijyb
    21 | D        | Reached skill level 3 in Axes
    21 | D        | Reached XP level 2. HP: 21/28 MP: 1/1
   193 | D        | Noticed an ogre
   200 | D        | Killed an ogre
   200 | D        | Reached skill level 5 in Axes
   200 | D        | Reached skill level 5 in Shields
   200 | D        | Reached XP level 3. HP: 25/37 MP: 2/2
   200 | D        | Reached XP level 4. HP: 29/44 MP: 3/3
   231 | D        | Killed a gargoyle
   304 | D        | Noticed Sigmund
   317 | D        | Killed Sigmund
   317 | D        | Reached skill level 7 in Axes
   317 | D        | Reached skill level 5 in Dodging
   317 | D        | Reached XP level 5. HP: 36/53 MP: 4/4
   434 | D        | Found a burning altar of Makhleb.
   434 | D        | Found a viscous altar of Jiyva.
   434 | D        | Found a shimmering altar of Xom.
   434 | D        | Found a corrupted altar of Lugonu.
   434 | D        | Noticed a slime creature
   442 | D        | Killed a slime creature
   442 | D        | Reached skill level 9 in Axes
   442 | D        | Reached XP level 6. HP: 42/62 MP: 5/5
   445 | D        | Became a worshipper of Makhleb the Destroyer
   540 | D        | Found an ornate altar of the Wu Jian Council.
   540 | D        | Found a shimmering blue altar of Sif Muna.
   542 | D        | Found a radiant altar of Vehumet.
   565 | D        | Found Keschyfo's Book Emporium.
   565 | D        | Found an ancient bone altar of Kikubaaqudgha.
   565 | D        | Found a hazy altar of Hepliaklqana.
   565 | D        | Found a stormy altar of Qazlal.
   565 | D        | Found a hide-covered altar of Uskayaw.
   565 | D        | Found a blossoming altar of Fedhas.
   565 | D        | Found a bloodstained altar of Trog.
   565 | D        | Found an iron altar of Okawaru.
   565 | D        | Found a basalt altar of Yredelemnul.
   565 | D        | Found a glowing golden altar of the Shining One.
   565 | D        | Found a snail-covered altar of Cheibriados.
   565 | D        | Found a sacrificial altar of Ru.
   565 | D        | Found a glowing silver altar of Zin.
   565 | D        | Found a shadowy altar of Dithmenos.
   565 | D        | Found a white marble altar of Elyvilon.
   565 | D        | Noticed a yak
   568 | D        | Killed a yak
   568 | D        | Reached skill level 10 in Axes
   568 | D        | Reached XP level 7. HP: 64/70 MP: 6/6
   569 | D        | Found an opulent altar of Gozag.
   570 | D        | Found a sparkling altar of Nemelex Xobeh.
   587 | D        | Noticed a centaur warrior
   589 | D        | Noticed a centaur warrior
   594 | D        | Shot with an arrow by a centaur warrior

Illustrated notes

Levels and vault maps discovered:
D:        dungeon_sprint_1 [red_sonja_temple_1, red_sonja_temple_small_1]

Skill      XL: |  1  2  3  4  5  6 |
---------------+-------------------+-----
Fighting       | 4 6 7 8 9 |  9.1
Axes           | 3 5 7 9 10 | 10.5
Armour         | 4 6 7 8 |  8.8
Dodging        | 2 3 5 6 |  6.9
Shields        | 4 5 7 8 |  8.1

Action                   |  1- 3 |  4- 6 |  7- 9 || total
-------------------------+-------+-------+-------++-------
Melee: War axe           |    25 |    20 |     3 ||    48
       Headbutt          |     2 |     5 |     1 ||     8
Armor: Scale mail        |     7 |     2 |     1 ||    10
Dodge: Dodged            |     5 |     2 |     1 ||     8
Block: Kite shield       |    11 |     6 |     5 ||    22

Table legend: (Time is in decaauts)
 A = Elapsed time spent in this place.
 B = Non-inter-level travel time spent in this place.
 C = Inter-level travel time spent in this place.
 D = Time resting spent in this place.
 E = Time spent auto-exploring this place.
 F = Levels seen in this place.
 G = Mean time per level.
                   A        B        C        D        E       F      G
               +--------+--------+--------+--------+--------+-----+--------+
         Total |    611 |    611 |      0 |    454 |      0 |   1 |  611.0 |
       Dungeon |    611 |    611 |      0 |    454 |      0 |   1 |  611.0 |
               +--------+--------+--------+--------+--------+-----+--------+

Top non-repeatable levels by time:
       D: 611 daAuts
